Map: 地龙岛-天梯版

Players

林小树是小百科

  • Race: Terran Terran
  • League: Diamond

raptorteam - Winner!

  • Race: Terran Terran
  • League: Platinum

VOD

Have the link to the VOD?

Description

Time

  • Played on: Sept. 16, 2018, 1:05 a.m.
  • Length: 6:47
Show
View Real Time Build Order
Export as new Build Order

林小树是小百科 Terran 

Build Orders: Reaper Expand 

Get SALT Encoding   

  12  0:01  SCV  
  13  0:14  SCV  
  14  0:17  Supply Depot  
  14  0:26  SCV  
  14  0:27  Refinery  
  15  0:41  Barracks  
  15  0:45  SCV  
  16  0:57  SCV  
  17  1:09  SCV  
  18  1:21  SCV  
  19  1:28  Reaper  
  20  1:37  Orbital Command  
  20  2:03  Command Center  
  20  2:07  Factory  
  20  2:11  SCV  
  20  2:14  Barracks Tech Lab  
  21  2:21  Supply Depot  
  21  2:26  SCV  
  21  2:28  Refinery  
  22  2:40  SCV  
  22  2:43  Marine  
  24  2:52  SCV  
  24  2:55  Starport  
  25  3:04  SCV  
  26  3:06  Siege Tank  
  29  3:16  SCV  
  29  3:18  Marine  
  31  3:26  Orbital Command  
  31  3:28  SCV  
  32  3:36  Marine  
  32  3:40  SCV  
  34  3:46  Siege Tank  
  36  3:54  SCV  
  37  4:00  Viking  
  37  4:01  Barracks Tech Lab  
  39  4:08  SCV  
  40  4:15  Engineering Bay  
  40  4:16  SCV  
  41  4:20  SCV  
  42  4:28  SCV  
  42  4:39  Siege Tank  
  42  4:40  SCV  
  42  4:45  SCV  
Show
View Real Time Build Order
Export as new Build Order

raptorteam Terran - Winner!

Build Orders: 1/1/1 

Get SALT Encoding   

  12  0:01  SCV  
  13  0:13  SCV  
  14  0:17  Supply Depot  
  14  0:25  SCV  
  15  0:39  SCV  
  15  0:41  Barracks  
  16  0:44  Refinery  
  16  0:51  SCV  
  17  1:03  SCV  
  18  1:07  Refinery  
  18  1:15  SCV  
  19  1:27  Orbital Command  
  19  1:29  Marine  
  20  1:44  Factory  
  20  1:49  Marine  
  20  1:53  SCV, Supply Depot  
  22  2:05  SCV  
  23  2:14  Marine  
  24  2:17  SCV  
  25  2:29  Factory Tech Lab, Starport  
  25  2:30  SCV  
  25  2:32  Marine  
  25  2:34  Supply Depot  
  27  2:42  SCV  
  28  2:48  Siege Tank  
  31  2:56  Marine  
  31  2:57  SCV, Supply Depot  
  33  3:06  Medivac  
  35  3:18  Barracks Reactor  
  35  3:19  Barracks Tech Lab  
  35  3:20  SCV, Siege Tank  
  39  3:35  Medivac  
  39  3:38  Marine  
  42  3:47  Command Center  
  42  3:56  Marine  
  42  3:58  Siege Tank  
  46  4:03  Supply Depot  
  46  4:14  Marine  
  47  4:21  Supply Depot  
  47  4:22  Engineering Bay  
  47  4:31  Marine  
  47  4:34  Siege Tank  
  51  4:49  Marine  
  51  5:07  Marine  
  51  5:30  Orbital Command  
  51  5:33  Siege Tank  
  51  5:34  Starport Tech Lab  
  51  5:47  Marine  
  51  5:50  SCV  
  51  6:02  SCV  
  51  6:05  Marine  
  51  6:42  Refinery x2  
Tags
 
Add a new tag
Caveats
  • Supply blocks, unpowered buildings, or Contaminate may cause inaccurate times.
  • Supply counts are checked every 10 seconds.